 Dungeon Crawl Stone Soup version 0.19-a0-27-g415f530 (webtiles) character file.

4 M4edhros the Grave Robber (level 1, 0/11 HPs)
             Began as an Octopode Necromancer on May 1, 2016.
             Slain by a bat (1 damage)
             ... on level 2 of the Dungeon.
             The game lasted 00:00:37 (157 turns).

M4edhros the Grave Robber (Octopode Necromancer)     Turns: 157, Time: 00:00:38

Health: 0/11       AC:  1    Str:  5 (7)  XL:     1   Next: 70%
Magic:  1/3        EV: 12    Int: 15 (17) God:
Gold:   7          SH:  0    Dex:  9 (12) Spells: 1 memorised, 3 levels left

rFire  . . .     SeeInvis .       - Unarmed
rCold  . . .     Gourm    .     (no shield)
rNeg   . . .     Faith    .     (helmet restricted)
rPois  .         Spirit   .     (no amulet)
rElec  .         Dismiss  .     (no ring)
rCorr  .         Reflect  .     (no ring)
SustAt .         Harm     .     (no ring)
MR     .....                    (no ring)
Stlth  +++.......               (no ring)
                                (no ring)
                                (no ring)
                                (no ring)

@: very slightly contaminated, not resistant to hostile enchantments, fairly
stealthy
A: almost no armour, amphibious, 8 rings, constrict 8, camouflage 1, gelatinous
body 1
a: no special abilities


You were on level 2 of the Dungeon.
You were not hungry.

You visited 1 branch of the dungeon, and saw 3 of its levels.

You collected 7 gold pieces.

Inventory:

Scrolls
 e - a scroll of identify {unknown}
 f - a scroll of recharging {unknown}
Potions
 d - a potion of cure mutation
Books
 a - a book of Necromancy

   Spells                             Type                      Level
   a - Pain                           Necromancy                   1
   b - Animate Skeleton               Necromancy                   1
   c - Vampiric Draining              Necromancy                   3
   d - Regeneration                   Charms/Necromancy            3
   e - Animate Dead                   Necromancy                   4
   f - Control Undead                 Necromancy                   4
Comestibles
 b - 2 bread rations
 c - a meat ration


   Skills:
 - Level 2.0 Dodging
 - Level 2.6 Stealth
 + Level 1.2 Unarmed Combat
 - Level 2.0 Spellcasting
 - Level 4.0 Necromancy


You had 3 spell levels left.
You knew the following spells:

 Your Spells              Type           Power        Failure   Level  Hunger
a - Pain                  Necr           ##..         4%          1    #......


Dungeon Overview and Level Annotations

Branches:
Dungeon (3/15)

Altars:


Innate Abilities, Weirdness & Mutations

You cannot wear most types of armour.
You are amphibious.
You can wear up to eight rings at the same time.
You can use your tentacles to constrict eight enemies at once.
Your skin changes colour to match your surroundings (Stealth).
Your rubbery body absorbs attacks (AC +1).


Message History

Aiming: Pain
Press: ? - help, Shift-Dir - straight line, f/p - orc
Aim: an orc (resting, chance to defeat MR: 91%)
The orc shouts!
The orc barely resists.
Casting: Pain
Confirm with . or Enter, or press ? or * to list all spells.
Aiming: Pain
Press: ? - help, Shift-Dir - straight line, f/p - orc
Aim: an orc (chance to defeat MR: 91%)
The orc barely resists.
You climb upwards.
There is a stone staircase leading down here.
A bat comes into view.
The helpless bat fails to defend itself.
You tentacle-slap the bat. Your grab misses the bat.
Your squeeze misses the bat.
The bat is moderately wounded.
The bat completely misses you. The bat hits you.
You die...

#.# ##.....#..# #.#
##.........# #.#
#.)........# #.#
#.>........# #.#
#..........#
####.######.[........
#.................###
#.##.########.....#
#@# #..#<.# #b..#
#..#..... #....#
#..#.#### #...#.#
#..#.# ######.#
#....# .# #....# #
#..g## .K


You could see a bat.

Vanquished Creatures
  A bat (D:1)
  A goblin (D:1)
  A hobgoblin (D:1)
  A giant newt (D:1)
4 creatures vanquished.

Notes
Turn   | Place    | Note
--------------------------------------------------------------
     0 | D:1      | M4edhros the Octopode Necromancer began the quest for the Orb.
     0 | D:1      | Reached XP level 1. HP: 11/11 MP: 3/3
    93 | D:1      | Reached skill level 1 in Unarmed Combat
   157 | D:2      | Slain by a bat

Vault maps used:
D:1:      dpeg_arrival_sounds_slurp
D:2:      minmay_overflow_temple_hex
D:3:      minmay_door_path, lemuel_round_altar,
          gammafunk_temple_overflow_forgotten

Skill      XL: |  1 |
---------------+----+-----
Unarmed Combat | 1 |  1.2
Dodging        | |  2.0
Stealth        | |  2.6
Spellcasting   | |  2.0
Necromancy     | |  4.0

Action                   || total
-------------------------++-------
Melee: Unarmed           ||     6
       Constrict         ||     2
       Tentacles         ||     1
 Cast: Pain              ||     5
  Use: Potion            ||     2
 Stab: Sleeping          ||     1
Armor: Skin              ||     1
Dodge: Dodged            ||     8
